 Dungeon Crawl Stone Soup version 0.24-a0-368-g0e0cebd (webtiles) character file.

Game seed: 17837060377361784815

16 MatthieuS the Charmwright (level 2, 0/26 HPs)
             Began as a Naga Skald on May 28, 2019.
             Slain by a jackal (2 damage)
             ... on level 1 of the Dungeon.
             The game lasted 00:02:41 (429 turns).

MatthieuS the Charmwright (Naga Skald)               Turns: 429, Time: 00:02:41

Health: 0/26       AC:  2    Str: 13    XL:     2   Next: 58%
Magic:  0/5        EV:  9    Int: 13    God:
Gold:   24         SH:  0    Dex: 10    Spells: 2/5 levels left

rFire    . . .     SeeInvis +   a - +0 spear
rCold    . . .     Gourm    .   (no shield)
rNeg     . . .     Faith    .   b - +0 leather armour
rPois    +         Spirit   .   (no helmet)
rElec    .         Reflect  .   (no cloak)
rCorr    .         Harm     .   (no gloves)
MR       .....                  (no barding)
Stlth    +.........             (no amulet)
HPRegen  0.08/turn              (no ring)
MPRegen  0.09/turn              (no ring)

@: infused, very slow
A: large, see invisible, deformed body, poison resistance, slowness 2, slow
metabolism 1, spit poison 1, AC +0
a: Spit Poison


You were on level 1 of the Dungeon.
You were not hungry.

You visited 1 branch of the dungeon, and saw 1 of its levels.

You collected 24 gold pieces.

Inventory:

Hand Weapons
 a - a +0 spear (weapon)
Armour
 b - a +0 leather armour (worn)
Comestibles
 d - a chunk of flesh
 e - 2 rations


   Skills:
 - Level 2.0 Fighting
 + Level 2.6 Polearms
 - Level 0.7 Armour
 - Level 1.5 Dodging
 - Level 2.0 Spellcasting
 + Level 3.4 Charms


You had 2 spell levels left.
You knew the following spells:

 Your Spells              Type           Power        Failure   Level  Hunger
a - Infusion              Chrm           ##..         8%          1    ##.....
A - Shroud of Golubria    Chrm/Tloc      #.........   24%         2    ###....

Your spell library contained the following spells:

 Spells                   Type           Power        Failure   Level  Hunger
 Song of Slaying          Chrm           ##......     12%         2    ###....
 Regeneration             Chrm/Necr      #.........   43%         3    ####...
 Spectral Weapon          Hex/Chrm       #.......     43%         3    ####...


Dungeon Overview and Level Annotations

Branches:
Dungeon (1/15)

Altars:


Innate Abilities, Weirdness & Mutations

You cannot wear boots.
Your serpentine skin is tough. (AC +0)
You have supernaturally acute eyesight. (SInv)
Armour fits poorly on your strangely shaped body.
Your system is resistant to poisons. (rPois)
You cover ground very slowly.
You have a slow metabolism.
You can spit poison.


Message History

You kill the bat!
The bat barely misses you.
You miss the bat. The bat hits you but does no damage.
You closely miss the bat. The bat hits you.
* * * LOW HITPOINT WARNING * * *
You miss the bat. The bat hits you but does no damage. The bat hits you.
* * * LOW HITPOINT WARNING * * *
You hit the bat. The bat hits you.
* * * LOW HITPOINT WARNING * * *
The bat closely misses you.
Space distorts slightly along a thin shroud covering your body.
The bat closely misses you. The bat hits you but does no damage.
You closely miss the bat. The bat barely misses you.
You miss the bat. The bat closely misses you.
You completely miss the bat. The bat hits you but does no damage.
The bat closely misses you.
You barely miss the bat.
Your shroud begins to fray at the edges.
The bat misses you.
You hit the bat but do no damage. The bat closely misses you. x2
You hit the bat but do no damage. The bat hits you but does no damage.
The bat closely misses you.
You barely miss the bat. The bat hits you but does no damage.
You hit the bat.
You kill the bat!
You hit the jackal.
Aim: a rat The splash of poison hits the jackal.
The jackal is poisoned.
You feel slightly more hungry.
Your shroud unravels.
You kill the jackal!
The jackal bites you.
* * * LOW HITPOINT WARNING * * *
You hit the jackal.
The jackal bites you but does no damage.
You barely miss the jackal. The jackal closely misses you.
The jackal barely misses you.
You begin infusing your attacks with magical energy.
The jackal closely misses you. The jackal barely misses you.
The jackal bites you.
* * * LOW HITPOINT WARNING * * *
You hit the jackal.
You kill the jackal!
You hit the jackal.
You have got your breath back.
The jackal bites you.
* * * LOW HITPOINT WARNING * * *
The jackal bites you but does no damage.
You closely miss the jackal. The jackal bites you.
You die...

# #......#.............#
#......#.............##
#......###............#
#......# #............#
#......###............#
#.............).......# #.#
#......###............# ###..
#......###............#
......#...#.rh@.............#
..(...###.#.####............#
......##rh..# #............#
......b#.÷### #............#
......†#..# #............
..........# .. ......#...# #
..... #...# .... ##..#


You could see a jackal and a rat.

Vanquished Creatures
  A goblin (D:1)
  3 hobgoblins (D:1)
  2 jackals (D:1)
  7 bats (D:1)
  A frilled lizard (D:1)
  2 rats (D:1)
16 creatures vanquished.

Notes
Turn   | Place    | Note
-------+----------+-------------------------------------------
     0 | D:1      | MatthieuS the Naga Skald began the quest for the Orb.
     0 | D:1      | Reached XP level 1. HP: 19/19 MP: 3/3
    88 | D:1      | Reached XP level 2. HP: 14/26 MP: 5/5
   325 | D:1      | Learned a level 2 spell: Shroud of Golubria
   429 | D:1      | Slain by a jackal

Levels and vault maps discovered:
D:1:      mrwooster_arrival_arrow, layout_basic

Action                   || total
-------------------------++-------
Melee: Spear             ||    73
 Cast: Shroud of Golubri ||     4
       Infusion          ||     2
 Abil: Spit Poison       ||     2
  Use: Scroll            ||     1
Armor: Leather armour    ||    30
Dodge: Dodged            ||    51

Table legend:
 A = Non-vault XP
 B = Vault XP
 C = Vault XP percentage of total XP
 D = Non-vault monster count
 E = Vault monster count
 F = Vault count percentage of total count
                 A         B        C        D         E       F
            +---------+---------+-------+---------+---------+-------
      Total |      24 |       0 |   0.0 |      16 |       0 |   0.0
            +---------+---------+-------+---------+---------+-------
        D:1 |      24 |       0 |   0.0 |      16 |       0 |   0.0
            +---------+---------+-------+---------+---------+-------
